 Dungeon Crawl Stone Soup version 0.26-a0-365-g11c2b627af (webtiles) character file.

Game seed: 10250456284687000345

179127 Glokmah the Slicer (level 17, -8/133 HPs)
             Began as a Gnoll Wanderer on July 18, 2020.
             Was the Champion of Makhleb.
             Killed from afar by Frances (33 damage)
             ... with a shard of ice
             ... on level 1 of the Spider Nest on July 19, 2020.
             The game lasted 02:22:29 (47220 turns).

Glokmah the Slicer (Gnoll Wanderer)                Turns: 47220, Time: 02:22:29

Health: -8/133     AC: 16    Str: 19 (20) XL:     17   Next: 89%
Magic:  4/33       EV: 17    Int: 20 (22) God:    Makhleb [******]
Gold:   904        SH:  8    Dex: 16 (17) Spells: 11/41 levels left

rFire    + + .     SeeInvis .   a - +8 dagger "Zitain" {flame, rElec Int+5}
rCold    + . .     Faith    .   w - +1 buckler
rNeg     . . .     Spirit   .   q - +2 fire dragon scales
rPois    +         Reflect  .   F - +2 helmet
rElec    +         Harm     .   m - +2 cloak
rCorr    +                      o - +2 pair of gloves {Str+3}
MR       +....                  (no boots)
Stlth    +++.......             (no amulet)
HPRegen  0.32/turn              V - ring of protection from cold
MPRegen  0.23/turn              U - ring "Laeboe Vighe" {*Contam rPois rC+ rCorr}

@: confusing touch, corroded, studying Short Blades
A: distributed training, fangs 1, strong nose
}: 1/15 runes: decaying
a: Minor Destruction, Lesser Servant of Makhleb, Major Destruction, Greater
Servant of Makhleb, Renounce Religion


You were on level 1 of the Spider Nest.
You worshipped Makhleb.
Makhleb was exalted by your worship.
You visited 5 branches of the dungeon, and saw 28 of its levels.
You also visited: Ice Cave.

You collected 2992 gold pieces.
You spent 2088 gold pieces at shops.

Inventory:

Hand Weapons
 a - the +8 dagger "Zitain" (weapon) {flame, rElec Int+5}
   (You found it on level 3 of the Lair of Beasts)

   It has been specially enchanted to burn those struck by it, causing extra
   injury to most foes and up to half again as much damage against particularly
   susceptible opponents.
   It affects your intelligence (+5).
   It insulates you from electricity.
 b - a +1 rapier of electrocution
 c - the +8 mace "Parpho Yvvecu" {vorpal, +Rage rC+ Str+4 Dex-4}
   (You found it on level 4 of the Swamp)

   It inflicts extra damage upon your enemies.
   It affects your strength (+4).
   It affects your dexterity (-4).
   It protects you from cold.
   It lets you go berserk.
Missiles
 e - 98 poisoned darts
 f - 10 atropa-tipped darts
 u - 35 boomerangs (quivered)
 E - 13 silver javelins
 I - 5 javelins
Armour
 g - a +3 kite shield of protection
 m - a +2 cloak (worn)
 o - a +2 pair of gloves of strength (worn)
 q - +2 fire dragon scales (worn)
 w - a +1 buckler (worn)
 F - a +2 helmet (worn)
Jewellery
 U - the ring "Laeboe Vighe" (right hand) {*Contam rPois rC+ rCorr}
   (You found it on level 2 of the Lair of Beasts)

   [ring of resist corrosion]

   It protects you from cold.
   It protects you from poison.
   It causes magical contamination when unequipped.
   It provides partial protection from all sources of acid and corrosion.
 V - a ring of protection from cold (left hand)
Wands
 k - a wand of iceblast (22)
 l - a wand of polymorph (27)
 y - a wand of digging (12)
 H - a wand of clouds (18)
 J - a wand of flame (5)
 O - a wand of paralysis (27)
 P - a wand of disintegration (17)
 Z - a wand of enslavement (11)
Scrolls
 d - 4 scrolls of fog
 h - 2 scrolls of immolation
 j - 9 scrolls of teleportation
 n - 2 scrolls of blinking
 p - 2 scrolls of vulnerability
 s - 19 scrolls of remove curse
 C - a scroll of holy word
 M - 4 scrolls of fear
 R - 6 scrolls of summoning
 S - 3 scrolls of enchant weapon
 T - 2 scrolls of magic mapping
 W - 5 scrolls of identify
Potions
 i - 5 potions of curing
 r - a potion of cancellation
 t - 5 potions of mutation
 v - 7 potions of lignification
 z - 4 potions of brilliance
 A - a potion of magic
 B - a potion of ambrosia
 D - 2 potions of resistance
 G - a potion of heal wounds
 L - 3 potions of haste
 X - 2 potions of flight
 Y - 3 potions of might
Books
 Q - a manual of Short Blades
Miscellaneous
 x - a phial of floods
 K - a phantom mirror
 N - a box of beasts


   Skills:
 + Level 11.9 Fighting
 + Level 14.3 Short Blades
 + Level 11.6 Long Blades
 + Level 11.6 Axes
 + Level 13.1 Maces & Flails
 + Level 11.6 Polearms
 + Level 11.6 Staves
 + Level 11.6 Slings
 + Level 11.6 Bows
 + Level 11.6 Crossbows
 + Level 11.6 Throwing
 + Level 11.9 Armour
 + Level 11.6 Dodging
 + Level 11.8 Stealth
 + Level 11.6 Shields
 + Level 11.6 Unarmed Combat
 + Level 12.5 Spellcasting
 + Level 10.2 Conjurations
 + Level 9.9 Hexes
   Level 0.0 Charms
 + Level 9.9 Summonings
 + Level 9.9 Necromancy
 + Level 9.9 Translocations
 + Level 9.9 Transmutations
 + Level 9.9 Fire Magic
 + Level 9.9 Ice Magic
 + Level 9.9 Air Magic
 + Level 9.9 Earth Magic
 + Level 9.9 Poison Magic
 + Level 12.5 Invocations
 + Level 11.9 Evocations


You had 11 spell levels left.
You knew the following spells:

 Your Spells              Type           Power        Failure   Level
a - Inner Flame           Hex/Fire       ######..     1%          3
b - Fireball              Conj/Fire      ######....   7%          5
c - Borgnjor's Vile Clut  Necr/Erth      ######....   7%          5
d - Bolt of Magma         Conj/Fire/Erth ######....   7%          5
e - Sticky Flame          Conj/Fire      ######..     2%          4
f - Confusing Touch       Hex            ######..     1%          3
g - Apportation           Tloc           ######       1%          1
h - Sublimation of Blood  Necr           ######....   1%          2
i - Slow                  Hex            ######..     1%          2

Your spell library contained the following spells:

 Spells                   Type           Power        Failure   Level
 Animate Skeleton         Necr           ######       1%          1
 Beastly Appendage        Tmut           ######       1%          1
 Corona                   Hex            ######.      1%          1
 Foxfire                  Conj/Fire      ####         1%          1
 Summon Small Mammal      Summ           ####         1%          1
 Corpse Rot               Necr/Air       N/A          1%          2
 Ensorcelled Hibernation  Hex/Ice        ######       1%          2
 Wereblood                Tmut           ######..     1%          2
 Conjure Flame            Conj/Fire      ######..     1%          3
 Dazzling Flash           Conj/Hex       ######       1%          3
 Portal Projectile        Hex/Tloc       ######       1%          3
 Spider Form              Tmut/Pois      ######....   1%          3
 Tukima's Dance           Hex            ######..     1%          3
 Animate Dead             Necr           ######....   2%          4
 Cause Fear               Hex            ######....   2%          4
 Ice Form                 Ice/Tmut       ######..     2%          4
 Leda's Liquefaction      Hex/Erth       ######....   2%          4
 Iskenderun's Battlesphe  Conj           ######..     6%          5
 Blade Hands              Tmut           ######....   7%          5
 Silence                  Hex/Air        ######....   7%          5
 Yara's Violent Unravell  Hex/Tmut       ######....   7%          5
 Death Channel            Necr           ######....   36%         6
 Iron Shot                Conj/Erth      ######....   36%         6
 Simulacrum               Ice/Necr       ######....   36%         6
 Orb of Destruction       Conj           ######....   89%         7
 Spellforged Servitor     Conj/Summ      ######....   90%         7
 Discord                  Hex            ######....   100%        8


Dungeon Overview and Level Annotations

Branches:
Dungeon (15/15)            Temple (0/1) D:7            Lair (6/6) D:10
  Swamp (4/4) Lair:2       Spider (1/4) Lair:4        Slime (0/5) Lair:5
    Orc (2/2) D:10            Elf (0/3) Orc:2        Vaults (0/5) D:14
 Depths (0/5) D:15          IceCv (visited)

Altars:
Ashenzari
Elyvilon
Makhleb
Nemelex Xobeh
Okawaru
Qazlal
Ru
Yredelemnul
Zin
Beogh
Jiyva

Shops:
D:6 [   D:7 [   D:14 [   Orc:2 ?*![

Portals:
Trove: D:11 (give +7 demon trident)

Annotations:
Lair:5 1 runed translucent door
Spider:1 Frances


Innate Abilities, Weirdness & Mutations

Your experience applies equally to all skills.
You have very sharp teeth.
Your uncanny sense of smell can sniff out nearby items.


Message History

The orange demon stings you from afar!
You feel sick.
A demon appears!
You feel sick.
Frances says, "There is a strange beauty in the demonic, don't you think?"
Frances chants phrases taken from a devil's mouth.
The iron shot misses you. The sixfirhy hits you.
* * * LOW HITPOINT WARNING * * *
The sixfirhy shocks you. You resist.
* * * LOW HITPOINT WARNING * * *
The entropy weaver gestures wildly while chanting.
The entropic weave corrodes you!
Frances hits you with a cursed +0 hand axe!
* * * LOW HITPOINT WARNING * * *
The sixfirhy barely misses you.
You feel better.
The sixfirhy hits you but does no damage.
The sixfirhy misses you. The sixfirhy closely misses you.
Frances whispers indecipherable words.
The shard of ice hits you!! You partially resist.
You die...

*,,,,..........##
,,,,,...#.......##
,,,,,,..##.......##
*,,,,............^#
,,,,,...!.........##
,^,,,#.............#
*
,,,,,.........2....#
**
,,,,,.............##
**,
,,,,,...........@..#
**,,
,,,,,..........3@..##
*,,,
,,,,,,..........a4..#
**,,
***,,,..........4..##
***
****,,.............$#
*
,,**,,..............#
**
,,**,,............^##
*,
,,**,,..............#
**
,,**,,..............#
**,


You could see Frances (fast), an entropy weaver, an orange demon (summoned), a
hellwing (summoned), a sixfirhy (summoned) and a friendly green death
(summoned).

Vanquished Creatures
  the Lernaean hydra (Swamp:4)
  Nikola (Swamp:2)
  Jorgrun (Orc:2)
  A thorn hunter (Swamp:4)
  A ghost moth (Spider:1)
  A ghoul (Swamp:3)
  3 very ugly things
  An entropy weaver (Spider:1)
  Nessos (Lair:6)
  Snorg (Orc:2)
  Fannar (D:10)
  A yaktaur captain (D:12)
  8 vault guards (D:14)
  25 hydras
  A shambling mangrove (Swamp:1)
  A ghost crab (Swamp:1)
  6 centaur warriors
  A death knight (D:12)
  2 tengu warriors (D:15)
  18 two-headed ogres
  5 ogre magi
  11 alligators
  4 death yaks (Lair:6)
  Sonja (Orc:2)
  An unseen horror (D:10)
  2 skeletal warriors (D:14)
  A spriggan druid (Swamp:4)
  A flayed ghost (D:15)
  An obsidian statue (D:11)
  12 swamp dragons
  A necromancer (D:15)
  A shadow dragon zombie (D:15)
  A phantasmal warrior (D:12)
  3 orc knights
  5 lindwurms
  An orb spider (Spider:1)
  A wolf spider zombie (D:13)
  4 cyclopes
  An orc sorcerer (Orc:1)
  4 wolf spiders (Spider:1)
  2 manticores (D:13)
  A centaur zombie (D:13)
  9 ugly things
  2 frost giant skeletons (D:15)
  6 black mambas
  Joseph (D:7)
  2 gargoyles
  5 ice statues (IceCv)
  13 cane toads
  2 anaconda simulacra (IceCv)
  2 demonic crawlers (Spider:1)
  2 efreet (D:13)
  10 komodo dragons
  A rime drake (Lair:5)
  A freezing wraith (D:12)
  3 tengu conjurers (D:15)
  13 trolls
  2 polar bears
  A queen bee (D:11)
  13 hornets
  6 tyrant leeches
  12 blink frogs
  Grinder (D:5)
  15 slime creatures
  13 bog bodies
  A dream sheep (Lair:6)
  7 hippogriffs
  An ettin zombie (D:15)
  10 redbacks (Spider:1)
  17 spriggans
  A shadow (Swamp:3)
  5 wyverns
  30 yaks
  A vampire (D:8)
  6 hogs (Lair:6)
  4 tarantellas (Spider:1)
  3 wraiths (D:12)
  2 basilisks
  21 vampire mosquitoes
  Menkaure (D:5)
  15 swamp worms
  6 insubstantial wisps (Swamp:2)
  2 harpy simulacra (IceCv)
  A soldier ant (D:13)
  4 wargs
  An acid dragon (D:12)
  9 water moccasins
  5 hydra simulacra (IceCv)
  2 porcupines (Lair:1)
  4 sky beasts
  8 swamp drakes
  18 orc warriors
  7 black bears
  2 eyes of draining
  29 ogres
  2 phantoms
  9 ice beasts
  6 necrophages
  26 wolves
  4 boggarts (Lair:6)
  17 centaurs
  16 crocodiles
  2 big kobolds (D:10)
  A wyvern zombie (D:13)
  19 bullfrogs
  A scorpion (D:4)
  21 killer bees
  An electric eel (Lair:3)
  3 howler monkeys
  16 wights
  2 bullfrog zombies
  4 jellies
  11 orc priests
  7 hounds
  19 orc wizards
  4 centaur skeletons
  Jessica (D:2)
  Natasha (thrice) (D:2)
  6 iguanas
  Ijyb (D:5)
  10 worker ants
  A bullfrog simulacrum (D:12)
  A hound zombie (D:9)
  A worker ant zombie (D:6)
  6 gnolls
  3 howler monkey skeletons
  10 adders
  3 shadow imps
  2 white imps
  An ufetubus (D:6)
  2 oozes
  2 adder skeletons
  An adder zombie (D:5)
  A worm (D:4)
  A dart slug (D:2)
  A leopard gecko (D:6)
  75 orcs
  8 bats
  9 giant cockroaches
  3 hobgoblins (D:2)
  12 jackals
  6 quokkas
  2 ball pythons
  5 frilled lizards
  3 goblins
  17 kobolds
  7 rats
  A briar patch (Swamp:4)
  3 fungi
  6 plants
  2 withered plants (D:15)
905 creatures vanquished.

Vanquished Creatures (collateral kills)
  A demonic crawler (Spider:1)
  A hornet (D:8)
  A redback (Spider:1)
  A tarantella (Spider:1)
  An orc warrior (D:8)
  A killer bee (D:8)
  2 electric eels (D:8)
  An orc priest (D:8)
  An orc (D:8)
10 creatures vanquished.

Vanquished Creatures (others)
  Kirke (Lair:6)
  A bog body (Swamp:3)
  A swamp drake (Swamp:4)
  An orc wizard (D:8)
  An ufetubus (D:8)
  A quokka (D:7)
  11 fungi
  10 plants (Lair:6)
27 creatures vanquished.

Grand Total: 942 creatures vanquished

Notes
Turn   | Place    | Note
-------+----------+-------------------------------------------
     0 | D:1      | Glokmah the Gnoll Wanderer began the quest for the Orb.
     0 | D:1      | Glokmah set off with the following items: a +2 mace, a +0
                  | ring mail; and the following spells available to memorise:
                  | Corpse Rot, Sublimation of Blood
     0 | D:1      | Reached XP level 1. HP: 17/17 MP: 6/6
   248 | D:1      | Reached XP level 2. HP: 23/23 MP: 7/7
   726 | D:1      | Reached XP level 3. HP: 28/28 MP: 9/9
   950 | D:2      | Noticed Natasha
   958 | D:2      | Reached skill level 1 in Short Blades
   958 | D:2      | Reached skill level 1 in Long Blades
   958 | D:2      | Reached skill level 1 in Axes
   958 | D:2      | Reached skill level 1 in Polearms
   958 | D:2      | Reached skill level 1 in Staves
   958 | D:2      | Reached skill level 1 in Slings
   958 | D:2      | Reached skill level 1 in Bows
   958 | D:2      | Reached skill level 1 in Crossbows
   958 | D:2      | Reached skill level 1 in Throwing
   958 | D:2      | Reached skill level 1 in Dodging
   958 | D:2      | Reached skill level 1 in Shields
   958 | D:2      | Reached skill level 1 in Unarmed Combat
   958 | D:2      | Reached skill level 5 in Spellcasting
   958 | D:2      | Reached skill level 1 in Invocations
   958 | D:2      | Reached XP level 4. HP: 24/34 MP: 11/11
   965 | D:2      | Killed Natasha
   972 | D:2      | Reached skill level 1 in Hexes
   972 | D:2      | Reached skill level 1 in Summonings
   972 | D:2      | Reached skill level 1 in Necromancy
   972 | D:2      | Reached skill level 1 in Translocations
   972 | D:2      | Reached skill level 1 in Transmutations
   972 | D:2      | Reached skill level 1 in Fire Magic
   972 | D:2      | Reached skill level 1 in Ice Magic
   972 | D:2      | Reached skill level 1 in Air Magic
   972 | D:2      | Reached skill level 1 in Earth Magic
   972 | D:2      | Reached skill level 1 in Poison Magic
  1050 | D:2      | Reached XP level 5. HP: 10/40 MP: 12/12
  1385 | D:2      | Noticed Jessica
  1394 | D:2      | Killed Jessica
  1418 | D:2      | Noticed Natasha
  1430 | D:2      | Killed Natasha
  1494 | D:2      | Noticed Natasha
  1504 | D:2      | Killed Natasha
  1504 | D:2      | Reached XP level 6. HP: 19/47 MP: 13/13
  2868 | D:4      | Noticed a phantom
  2891 | D:4      | Killed a phantom
  2891 | D:4      | Reached skill level 2 in Short Blades
  3020 | D:4      | Reached XP level 7. HP: 48/52 MP: 15/15
  3235 | D:4      | Found a sacrificial altar of Ru.
  3551 | D:4      | Found a sparkling altar of Nemelex Xobeh.
  3755 | D:4      | Found a burning altar of Makhleb.
  3756 | D:4      | Found a stormy altar of Qazlal.
  3939 | D:5      | Entered Level 5 of the Dungeon
  4036 | D:5      | Noticed Grinder
  4043 | D:5      | Paralysed by Grinder for 4 turns
  4053 | D:5      | Killed Grinder
  4053 | D:5      | Reached XP level 8. HP: 35/60 MP: 16/16
  4189 | D:5      | Noticed Menkaure
  4532 | D:4      | Became a worshipper of Makhleb the Destroyer
  4540 | D:5      | Noticed Ijyb
  4557 | D:5      | Killed Ijyb
  4557 | D:5      | Reached skill level 3 in Short Blades
  4576 | D:5      | HP: 2/60 [shadow imp/nerve-wracking pain (13)]
  4974 | D:5      | Killed Menkaure
  5386 | D:6      | Found a basalt altar of Yredelemnul.
  5508 | D:6      | Found Yggoos's Antique Armour Shop.
  6120 | D:6      | Reached XP level 9. HP: 44/66 MP: 18/18
  6777 | D:6      | Reached skill level 4 in Short Blades
  6901 | D:6      | Bought a glimmering ring mail for 261 gold pieces
  6911 | D:6      | Identified the +0 ring mail of Servitude {rF- rN+ Str+8}
                  | (You bought it in a shop on level 6 of the Dungeon)
  6913 | D:6      | Learned a level 1 spell: Apportation
  6916 | D:6      | Learned a level 2 spell: Slow
  6920 | D:6      | Learned a level 3 spell: Confusing Touch
  6960 | D:7      | Noticed Joseph
  6970 | D:7      | Found a white marble altar of Elyvilon.
  7001 | D:6      | Reached * piety under Makhleb
  7310 | D:7      | Killed Joseph
  7310 | D:7      | Reached skill level 5 in Fighting
  7310 | D:7      | Reached skill level 5 in Armour
  7310 | D:7      | Reached skill level 5 in Evocations
  7314 | D:7      | Found a burning altar of Makhleb.
  7383 | D:7      | Found a staircase to the Ecumenical Temple.
  7420 | D:7      | Found Peeblail's Armour Emporium.
  7436 | D:7      | Got a dazzling leather armour
  7447 | D:7      | Identified the +2 leather armour of Wariness {rF+} (You
                  | found it on level 7 of the Dungeon)
  7775 | D:7      | Learned a level 3 spell: Inner Flame
  8033 | D:8      | Reached skill level 5 in Stealth
  8263 | D:8      | Noticed a hornet
  8273 | D:8      | Killed a hornet
  8635 | D:7      | Reached skill level 5 in Invocations
  8877 | D:8      | Noticed a two-headed ogre
  9266 | D:8      | Killed a two-headed ogre
  9266 | D:8      | Reached XP level 10. HP: 15/75 MP: 20/20
  9600 | D:8      | Found a glowing silver altar of Zin.
  9717 | D:8      | Found a white marble altar of Elyvilon.
  9915 | D:8      | HP: 3/75 [something (5)]
 10277 | D:8      | Reached skill level 5 in Short Blades
 10277 | D:8      | Reached skill level 5 in Long Blades
 10277 | D:8      | Reached skill level 5 in Axes
 10277 | D:8      | Reached skill level 5 in Polearms
 10277 | D:8      | Reached skill level 5 in Staves
 10277 | D:8      | Reached skill level 5 in Slings
 10277 | D:8      | Reached skill level 5 in Bows
 10277 | D:8      | Reached skill level 5 in Crossbows
 10277 | D:8      | Reached skill level 5 in Throwing
 10277 | D:8      | Reached skill level 5 in Dodging
 10277 | D:8      | Reached skill level 5 in Shields
 10277 | D:8      | Reached skill level 5 in Unarmed Combat
 11601 | D:10     | Entered Level 10 of the Dungeon
 11613 | D:10     | Reached ** piety under Makhleb
 11648 | D:10     | Noticed an orc knight
 11664 | D:9      | Killed an orc knight
 11664 | D:9      | Reached skill level 5 in Conjurations
 12264 | D:10     | Reached XP level 11. HP: 68/82 MP: 19/22
 12658 | D:10     | Found a roughly hewn altar of Beogh.
 12658 | D:10     | Found a staircase to the Orcish Mines.
 13018 | D:10     | Killed an unseen horror
 13018 | D:10     | Reached skill level 6 in Short Blades
 13018 | D:10     | Reached skill level 5 in Hexes
 13018 | D:10     | Reached skill level 5 in Summonings
 13018 | D:10     | Reached skill level 5 in Necromancy
 13018 | D:10     | Reached skill level 5 in Translocations
 13018 | D:10     | Reached skill level 5 in Transmutations
 13018 | D:10     | Reached skill level 5 in Fire Magic
 13018 | D:10     | Reached skill level 5 in Ice Magic
 13018 | D:10     | Reached skill level 5 in Air Magic
 13018 | D:10     | Reached skill level 5 in Earth Magic
 13018 | D:10     | Reached skill level 5 in Poison Magic
 13387 | D:10     | Found a staircase to the Lair.
 13395 | D:10     | Reached *** piety under Makhleb
 14175 | Lair:1   | Entered Level 1 of the Lair of Beasts
 14203 | Lair:1   | HP: 4/83 [poisoned by a black mamba]
 14208 | Lair:1   | HP: 3/83 [poisoned by a black mamba]
 14215 | Lair:1   | HP: 3/83 [poisoned by a black mamba]
 14223 | Lair:1   | HP: 3/83 [poisoned by a black mamba]
 15001 | Lair:1   | Noticed a four-headed hydra
 15018 | Lair:1   | Killed a four-headed hydra
 15158 | Lair:1   | Noticed a six-headed hydra
 15169 | Lair:1   | Killed a six-headed hydra
 15284 | Lair:1   | Reached XP level 12. HP: 88/91 MP: 13/24
 16047 | Lair:2   | Found a staircase to the Swamp.
 16056 | Lair:2   | Reached **** piety under Makhleb
 16402 | Lair:2   | HP: 1/91 [cane toad (17)]
 16407 | Lair:2   | HP: 1/91 [wyvern (15)]
 16762 | Lair:2   | Reached skill level 7 in Short Blades
 18470 | Lair:2   | Upgraded the game from 0.26-a0-362-g1d9a9cd4fa to
                  | 0.26-a0-365-g11c2b627af
 19298 | Lair:3   | Reached skill level 10 in Maces & Flails
 19399 | Lair:3   | Learned a level 4 spell: Sticky Flame
 19405 | Lair:3   | Learned a level 5 spell: Borgnjor's Vile Clutch
 19546 | Lair:3   | Got a brightly glowing dagger
 19549 | Lair:3   | Identified the +8 dagger "Zitain" {flame, rElec Int+5} (You
                  | found it on level 3 of the Lair of Beasts)
 20245 | Lair:4   | Got a masterwork rapier
 20250 | Lair:4   | Identified the +1 rapier of Articulation {pain, rElec
                  | Int+3} (You found it on level 4 of the Lair of Beasts)
 20824 | Lair:4   | Reached skill level 8 in Short Blades
 20831 | Lair:4   | Reached XP level 13. HP: 88/98 MP: 10/26
 21080 | Lair:4   | Found a hole to the Spider Nest.
 22348 | Lair:5   | Found a runed translucent door.
 22351 | Lair:5   | Noticed an acid blob
 22352 | Lair:5   | Found a viscous altar of Jiyva.
 22353 | Lair:5   | Found a staircase to the Slime Pits.
 22353 | Lair:5   | Noticed an acid blob
 22353 | Lair:5   | Noticed an acid blob
 22784 | Lair:6   | Entered Level 6 of the Lair of Beasts
 22812 | Lair:6   | Found a shattered altar of Ashenzari.
 23002 | Lair:2   | Got a warped iron ring
 23004 | Lair:2   | Identified the ring "Laeboe Vighe" {*Contam rPois rC+
                  | rCorr} (You found it on level 2 of the Lair of Beasts)
 23175 | Lair:6   | Noticed Nessos
 23178 | Lair:6   | Killed Nessos
 23178 | Lair:6   | Reached skill level 9 in Short Blades
 23895 | Lair:6   | Reached ***** piety under Makhleb
 24449 | Lair:6   | Reached skill level 10 in Spellcasting
 24560 | Lair:6   | Reached XP level 14. HP: 100/108 MP: 24/28
 24670 | Lair:6   | Noticed Kirke
 24689 | Lair:6   | Reached skill level 10 in Short Blades
 24698 | Lair:6   | Noticed a sphinx
 24702 | Lair:6   | Killed Kirke
 25767 | Orc:1    | Entered Level 1 of the Orcish Mines
 26109 | Orc:1    | Noticed Fannar
 26512 | D:10     | Killed Fannar
 26819 | Orc:1    | Found a roughly hewn altar of Beogh.
 26915 | Orc:1    | Reached ****** piety under Makhleb
 27266 | Orc:2    | Entered Level 2 of the Orcish Mines
 27565 | Orc:2    | Noticed Jorgrun
 28077 | Orc:2    | Killed Jorgrun
 28347 | Orc:2    | Found a staircase to the Elven Halls.
 28376 | Orc:2    | Reached skill level 10 in Invocations
 28639 | Orc:2    | Noticed Snorg
 28664 | Orc:2    | Killed Snorg
 29014 | Orc:2    | Noticed Sonja
 29019 | Orc:2    | Reached skill level 11 in Short Blades
 29022 | Orc:2    | Killed Sonja
 29268 | Orc:2    | Reached XP level 15. HP: 115/115 MP: 26/29
 29275 | Orc:2    | Learned a level 5 spell: Bolt of Magma
 29451 | Orc:2    | Found Diuseska's Armour Shop.
 29451 | Orc:2    | Found Naigos's General Store.
 29452 | Orc:2    | Found Hamuec's Distillery.
 29452 | Orc:2    | Found Luarewof's Magic Scroll Boutique.
 29948 | D:11     | Found a portal to a secret trove of treasure.
 30113 | D:11     | Reached skill level 10 in Fighting
 30113 | D:11     | Reached skill level 10 in Armour
 30113 | D:11     | Reached skill level 10 in Evocations
 30748 | D:11     | Reached skill level 10 in Stealth
 31493 | D:12     | Found a runed translucent door.
 32633 | D:13     | Reached skill level 10 in Long Blades
 32633 | D:13     | Reached skill level 10 in Axes
 32633 | D:13     | Reached skill level 10 in Polearms
 32633 | D:13     | Reached skill level 10 in Staves
 32633 | D:13     | Reached skill level 10 in Slings
 32633 | D:13     | Reached skill level 10 in Bows
 32633 | D:13     | Reached skill level 10 in Crossbows
 32633 | D:13     | Reached skill level 10 in Throwing
 32633 | D:13     | Reached skill level 10 in Dodging
 32633 | D:13     | Reached skill level 10 in Shields
 32633 | D:13     | Reached skill level 10 in Unarmed Combat
 33266 | D:13     | Identified the +8 quarterstaff "Ymigege" {freeze, rPois
                  | Str+10 Int-5} (You found it on level 13 of the Dungeon)
 33738 | D:6      | Bought runed fire dragon scales for 1827 gold pieces
 34155 | D:14     | Found Demou's Antique Armour Shop.
 34185 | D:14     | Reached skill level 12 in Short Blades
 34195 | D:14     | Identified the +4 lajatang of the Dragonfly {freeze, rF+
                  | Str+2} (You found it on level 14 of the Dungeon)
 34356 | D:14     | Found a gate to the Vaults.
 34831 | D:14     | Found an iron altar of Okawaru.
 35291 | D:15     | Entered Level 15 of the Dungeon
 35343 | D:14     | Reached XP level 16. HP: 121/124 MP: 24/31
 36409 | D:15     | Found a staircase to the Depths.
 37684 | Swamp:1  | Entered Level 1 of the Swamp
 38733 | Swamp:1  | Reached skill level 13 in Short Blades
 39265 | Swamp:2  | HP: 2/125 [shambling mangrove (12)]
 39270 | Swamp:1  | HP: 4/125 [hornet[a shambling mangrove] (11)]
 39895 | Swamp:2  | Noticed Nikola
 39914 | Swamp:2  | Killed Nikola
 41551 | Swamp:3  | Reached XP level 17. HP: 105/131 MP: 33/33
 42498 | Swamp:4  | Entered Level 4 of the Swamp
 43011 | Swamp:4  | Learned a level 2 spell: Sublimation of Blood
 43296 | Swamp:4  | Identified the +8 mace "Parpho Yvvecu" {vorpal, +Rage rC+
                  | Str+4 Dex-4} (You found it on level 4 of the Swamp)
 44216 | Swamp:4  | Noticed the 27-headed Lernaean hydra
 44227 | Swamp:4  | Killed the 27-headed Lernaean hydra
 44492 | Swamp:4  | Reached skill level 10 in Conjurations
 44531 | Swamp:4  | Reached skill level 14 in Short Blades
 45165 | Swamp:4  | Got a decaying rune of Zot
 45382 | Spider:1 | Entered Level 1 of the Spider Nest
 45648 | Spider:1 | Found a frozen archway.
 45680 | IceCv    | Entered an ice cave
 46465 | IceCv    | Learned a level 5 spell: Fireball
 47194 | Spider:1 | Noticed Frances
 47220 | Spider:1 | Killed from afar by Frances

Illustrated notes

Levels and vault maps discovered:
D:1:      heliophobic_arrival_dark_side_of_the_moon, layout_basic
D:2:      layout_loops_ring, minmay_pentomino_o2, uniq_natasha, uniq_jessica
D:3:      layout_loops_ring
D:4:      layout_loops_ring, nemelex_xobeh_ov_fountains_minmay,
          nicolae_overflow_hidden_temple, hangedman_decor_riveting,
          corexii_hall_statues_x, kennysheep_generic_room_9
D:5:      black_bear_nest_1, layout_cave_pools, uniq_ijyb, uniq_grinder,
          uniq_menkaure
D:6:      layout_basic, yredelemnul_altar_generic, serial_shops,
          nicolae_shop_behind_doors
D:7:      layout_basic, elyvilon_altar_4, minmay_temple_entry_tees,
          serial_shops, shop, makhleb_heckhound_becter, uniq_joseph
D:8:      layout_cave_pools, basic_altar, serial_bayou_pond_b, lemuel_tele_altar
D:9:      layout_irregular_city
D:10:     layout_long_grid, erik_lair_orcish_takeover, david_orc_5, nrook_uturn
D:11:     minmay_statue_hallways, layout_basic, enter_trove_1,
          chequers_serial_rivers_small_a, minivault_7
D:12:     layout_basic, lightli_airlock
D:13:     layout_rooms
D:14:     layout_grid_maze, erik_vaults_2, lemuel_statue_altar, serial_shops,
          nicolae_shop_overgrown_old_shop
D:15:     gammafunk_depths_entry_grave, layout_loops_corners
Lair:1:   layout_loops_ring, grunt_megastairs_3
Lair:2:   layout_cellular_growth, minmay_swamp_entry_reptiles,
          minmay_lindwurm_lava
Lair:3:   layout_cave_pods, infiniplex_staircase_pool, grunt_megastairs_1
Lair:4:   layout_gridlike, spider_nest_entry_web_field, grunt_megastairs_5
Lair:5:   layout_gridlike, slime_altar_2, grunt_megastairs_2,
          serial_bayou_shore_a
Lair:6:   minmay_lair_end_enchanted_forest, layout_regular_city, basic_altar,
          uniq_nessos, uniq_kirke
Swamp:1:  layout_basic_swamp, nicolae_swamp_dense_foliage, swamp_pool4
Swamp:2:  layout_basic_swamp, nicolae_swamp_feature_on_the_river_bank,
          uniq_nikola
Swamp:3:  layout_basic_swamp, serial_swamp_ruin, evilmike_swamp_ruin_house_6,
          evilmike_swamp_ruin_rubble_2, evilmike_swamp_ruin_house_2,
          swamp_pool1, nicolae_swamp_treefoil, hangedman_swamp_ravenous
Swamp:4:  swamp_old_school, layout_basic_swamp
Spider:1: layout_spider_delve, portal_ice_cave_entry_pillars_three, hive_lemuel,
          uniq_frances
Orc:1:    layout_caves, mines2_david, uniq_fannar
Orc:2:    st_orc_ogre_mass, layout_diamond_mine, uniq_jorgrun, uniq_snorg,
          uniq_sonja

Skill      XL: |  1  2  3  4  5  6  7  8  9 10 11 12 13 14 15 16 17 |
---------------+----------------------------------------------------+-----
Conjurations   | 2 3 4 5 6 7 8 9 10 | 10.2
Short Blades   | 1 2 3 4 5 6 8 9 11 12 13 14 | 14.3
Long Blades    | 1 2 3 4 5 6 7 8 9 10 11 | 11.6
Axes           | 1 2 3 4 5 6 7 8 9 10 11 | 11.6
Polearms       | 1 2 3 4 5 6 7 8 9 10 11 | 11.6
Staves         | 1 2 3 4 5 6 7 8 9 10 11 | 11.6
Slings         | 1 2 3 4 5 6 7 8 9 10 11 | 11.6
Bows           | 1 2 3 4 5 6 7 8 9 10 11 | 11.6
Crossbows      | 1 2 3 4 5 6 7 8 9 10 11 | 11.6
Throwing       | 1 2 3 4 5 6 7 8 9 10 11 | 11.6
Dodging        | 1 2 3 4 5 6 7 8 9 10 11 | 11.6
Shields        | 1 2 3 4 5 6 7 8 9 10 11 | 11.6
Unarmed Combat | 1 2 3 4 5 6 7 8 9 10 11 | 11.6
Spellcasting   | 5 6 7 8 9 10 11 12 | 12.5
Invocations    | 1 2 3 4 5 6 7 8 9 10 11 12 | 12.5
Hexes          | 1 2 3 4 5 6 7 8 9 |  9.9
Summonings     | 1 2 3 4 5 6 7 8 9 |  9.9
Necromancy     | 1 2 3 4 5 6 7 8 9 |  9.9
Translocations | 1 2 3 4 5 6 7 8 9 |  9.9
Transmutations | 1 2 3 4 5 6 7 8 9 |  9.9
Fire Magic     | 1 2 3 4 5 6 7 8 9 |  9.9
Ice Magic      | 1 2 3 4 5 6 7 8 9 |  9.9
Air Magic      | 1 2 3 4 5 6 7 8 9 |  9.9
Earth Magic    | 1 2 3 4 5 6 7 8 9 |  9.9
Poison Magic   | 1 2 3 4 5 6 7 8 9 |  9.9
Fighting       | 3 4 5 6 7 8 9 10 11 | 11.9
Armour         | 3 4 5 6 7 8 9 10 11 | 11.9
Evocations     | 3 4 5 6 7 8 9 10 11 | 11.9
Stealth        | 3 4 5 6 7 8 9 10 11 | 11.8
Maces & Flails | 7 8 9 10 11 12 13 | 13.1

Action                   |  1- 3 |  4- 6 |  7- 9 | 10-12 | 13-15 | 16-18 || total
-------------------------+-------+-------+-------+-------+-------+-------++-------
Melee: Mace              |    64 |   168 |   379 |   198 |       |       ||   809
       Bite              |     4 |    26 |    43 |    32 |   114 |   103 ||   322
       Punch             |       |     1 |     5 |       |       |       ||     6
       Whip              |       |       |       |    20 |       |       ||    20
       Dagger            |       |       |       |    32 |   776 |   650 ||  1458
Throw: Dart              |       |       |    23 |   181 |   178 |    43 ||   425
       Javelin           |       |       |    11 |    29 |     4 |     2 ||    46
       Stone             |       |       |       |     5 |       |       ||     5
       Boomerang         |       |       |       |       |       |    22 ||    22
 Cast: Confusing Touch   |       |       |     1 |     1 |     1 |     2 ||     5
       Inner Flame       |       |       |       |   141 |   158 |   126 ||   425
       Slow              |       |       |       |     1 |       |     1 ||     2
       Borgnjor's Vile C |       |       |       |     9 |    81 |    83 ||   173
       Apportation       |       |       |       |       |     1 |       ||     1
       Sticky Flame      |       |       |       |       |     7 |    12 ||    19
       Bolt of Magma     |       |       |       |       |    17 |    32 ||    49
       Fireball          |       |       |       |       |       |    17 ||    17
Invok: Major Destruction |       |       |       |       |     5 |     6 ||    11
       Minor Destruction |       |       |       |       |     1 |     1 ||     2
       Greater Servant o |       |       |       |       |       |     2 ||     2
  Use: Scroll            |       |       |    18 |    11 |    15 |     7 ||    51
       Potion            |       |       |     2 |     7 |       |     6 ||    15
 Stab: Sleeping          |       |       |     1 |     1 |    30 |     7 ||    39
       Distracted        |       |       |       |       |     3 |     1 ||     4
Armor: Ring mail         |    46 |    32 |     4 |       |       |       ||    82
       Chain mail        |       |    74 |   210 |       |       |       ||   284
       Leather armour    |       |       |    14 |    77 |   108 |       ||   199
       Fire dragon scale |       |       |       |       |    37 |   277 ||   314
Dodge: Dodged            |    56 |    79 |   190 |   183 |   339 |   343 ||  1190
Block: Buckler           |       |       |    51 |   132 |   199 |   236 ||   618

Table legend: (Time is in decaauts)
 A = Elapsed time spent in this place.
 B = Non-inter-level travel time spent in this place.
 C = Inter-level travel time spent in this place.
 D = Time resting spent in this place.
 E = Time spent auto-exploring this place.
 F = Levels seen in this place.
 G = Mean time per level.
                   A        B        C        D        E       F      G
               +--------+--------+--------+--------+--------+-----+--------+
         Total |  46900 |  43250 |   3650 |  16394 |  14861 |  29 | 1617.2 |
       Dungeon |  22566 |  20702 |   1864 |   7020 |   7955 |  15 | 1504.4 |
          Lair |  11540 |  10510 |   1030 |   4108 |   3478 |   6 | 1923.3 |
         Swamp |   7818 |   7215 |    603 |   2703 |   2723 |   4 | 1954.5 |
   Spider Nest |    294 |    294 |      0 |    123 |      0 |   1 |  294.0 |
  Orcish Mines |   3209 |   3057 |    152 |   1292 |    701 |   2 | 1604.5 |
      Ice Cave |   1471 |   1471 |      0 |   1148 |      2 |   1 | 1471.0 |
               +--------+--------+--------+--------+--------+-----+--------+
